 Dungeon Crawl Stone Soup version 0.19.0-2-gae57169 (webtiles) character file.

1649 nikopol the Cleaver (level 9, -3/78 HPs)
             Began as a Hill Orc Berserker on Nov 5, 2016.
             Was an Elder of Trog.
             Slain by nikopol's ghost (8 damage)
             ... on level 6 of the Dungeon.
             The game lasted 00:15:33 (5925 turns).

nikopol the Cleaver (Hill Orc Berserker)            Turns: 5925, Time: 00:15:34

Health: -3/78      AC: 10    Str: 22    XL:     9   Next: 0%
Magic:  9/9        EV: 11    Int:  7    God:    Trog [****..]
Gold:   272        SH:  0    Dex: 11    Spells: 0 memorised, 8 levels left

rFire  . . .     SeeInvis .     a - +0 hand axe
rCold  . . .     Gourm    .     p - +0 scale mail
rNeg   . . .     Faith    .     (no shield)
rPois  .         Spirit   .     (no helmet)
rElec  .         Reflect  .     D - +1 cloak
rCorr  .         Harm     .     g - +0 pair of gloves
MR     .....                    (no boots)
Stlth  ..........               (no amulet)
                                (no ring)
                                (no ring)

@: exhausted, slowed, very slow
A: no striking features
a: Berserk, Trog's Hand, Brothers in Arms, Burn Spellbooks, Renounce Religion


You were on level 6 of the Dungeon.
You worshipped Trog.
Trog was greatly pleased with you.
You were near starving.

You visited 1 branch of the dungeon, and saw 6 of its levels.

You collected 272 gold pieces.

Inventory:

Hand Weapons
 a - a +0 hand axe (weapon)
 z - a +0 shortbow
 G - a +0 longbow
Missiles
 e - 47 arrows (quivered)
Armour
 b - a +0 animal skin
 d - a +0 leather armour
 g - a +0 pair of gloves (worn)
 p - a +0 scale mail (worn)
 s - a +0 cloak
 D - a +1 cloak (worn)
Jewellery
 x - a +5 ring of evasion {unknown}
 y - an uncursed amulet of magic regeneration {unknown}
Wands
 o - a wand of teleportation (4/9)
 B - a wand of slowing (34/48)
Scrolls
 i - 11 scrolls of identify
 k - 3 scrolls of amnesia {unknown}
 m - 4 scrolls of teleportation
 n - 5 scrolls of remove curse
 t - a scroll of fear
 u - a scroll of enchant armour {unknown}
 C - a scroll of fog {unknown}
 F - a scroll of magic mapping {unknown}
Potions
 f - a potion of curing {unknown}
 h - 2 potions of degeneration
 j - a potion of agility {unknown}
 l - a potion of berserk rage {unknown}
 q - 2 potions of mutation {unknown}
 r - 2 potions of lignification {unknown}
 w - 3 potions of haste {unknown}
 A - a potion of might {unknown}
Comestibles
 c - 4 bread rations
 v - a meat ration


   Skills:
 + Level 6.5 Fighting
 * Level 8.8 Axes
 * Level 4.8 Bows
 + Level 5.1 Armour
 + Level 3.6 Dodging


You had 8 spell levels left.
You didn't know any spells.

Dungeon Overview and Level Annotations

Branches:
Dungeon (6/15)
 Temple: D:4-7

Altars:

Shops:
D:5 %

Annotations:
D:6 nikopol's ghost, novice HOBe


Message History

Nikopol's ghost hits you but does no damage.
You barely miss the centaur.
The centaur is moderately wounded.
You slash nikopol's ghost!
You are no longer berserk.
You are exhausted.
You feel yourself slow down.
The centaur hits you but does no damage.
You hit the centaur but do no damage.
The centaur is moderately wounded.
You barely miss nikopol's ghost. The centaur hits you!
* * * LOW HITPOINT WARNING * * *
Nikopol's ghost closely misses you. The centaur hits you.
* * * LOW HITPOINT WARNING * * *
Nikopol's ghost hits you but does no damage.
You hit the centaur.
The centaur is heavily wounded.
You closely miss nikopol's ghost. The centaur closely misses you.
Nikopol's ghost hits you!
You die...

#.# #.....##
.#..#....##
####..)..##
##........#
.....###..## .....#
##..## .....##
##..### ## ......#
#....#####.###
..##...#
#.....(@W....# .##
#............c.....#
.##
#.......######.....#
..# #.......# .....#
..# #....#### ....##
..# #...# ....# .##
#..# (...# ## ..
#l..# #


You could see a centaur and nikopol's ghost.

Vanquished Creatures
  Pikel (D:5)
  A hippogriff (D:5)
  The ghost of TheWoodenMan the Chucker, an amateur VSHu of Dithmenos (D:5)
  Sigmund (D:5)
  An orc warrior (D:6)
  A centaur (D:6)
  2 bullfrogs (D:6)
  A scorpion (D:5)
  A crimson imp (D:5)
  Crazy Yiuf (D:5)
  Terence (D:2)
  A worker ant (D:4)
  2 hound skeletons
  Robin (D:4)
  11 adders
  3 gnolls (D:6)
  A shadow imp (D:6)
  2 oozes
  A worm (D:2)
  2 dart slugs
  2 leopard geckos
  10 orcs
  3 ball pythons
  8 bats
  9 giant cockroaches
  16 goblins
  9 hobgoblins
  9 jackals
  11 kobolds
  4 quokkas
  A frilled lizard (D:3)
  A jackal skeleton (D:3)
  26 rats
145 creatures vanquished.

Vanquished Creatures (others)
  An ice beast (D:5)
  A slave (D:5)
  A crimson imp (D:5)
  A hound zombie (D:5)
  A leopard gecko (D:5)
  A quokka (D:5)
  A quokka zombie (D:5)
7 creatures vanquished.

Grand Total: 152 creatures vanquished

Notes
Turn   | Place    | Note
-------+----------+-------------------------------------------
     0 | D:1      | nikopol the Hill Orc Berserker began the quest for the Orb.
     0 | D:1      | Reached XP level 1. HP: 19/19 MP: 1/1
   166 | D:1      | Reached XP level 2. HP: 27/27 MP: 2/2
   647 | D:1      | Reached XP level 3. HP: 33/33 MP: 3/3
   767 | D:2      | Noticed Terence
   777 | D:2      | Killed Terence
   777 | D:2      | Reached XP level 4. HP: 20/41 MP: 4/4
  1197 | D:2      | Reached ** piety under Trog
  1417 | D:2      | Reached skill level 5 in Axes
  1581 | D:2      | Reached skill level 1 in Bows
  1665 | D:2      | Reached XP level 5. HP: 47/47 MP: 5/5
  2517 | D:3      | Reached *** piety under Trog
  3171 | D:4      | Noticed Robin
  3175 | D:4      | Reached XP level 6. HP: 52/55 MP: 6/6
  3187 | D:4      | Killed Robin
  3712 | D:4      | Reached skill level 5 in Fighting
  3712 | D:4      | Reached skill level 6 in Axes
  3988 | D:5      | Entered Level 5 of the Dungeon
  4051 | D:5      | Noticed TheWoodenMan's ghost (amateur VSHu)
  4286 | D:5      | Killed TheWoodenMan's ghost
  4286 | D:5      | Reached XP level 7. HP: 61/61 MP: 7/7
  4388 | D:5      | Noticed Pikel
  4433 | D:5      | Killed Pikel
  4433 | D:5      | Reached skill level 7 in Axes
  4433 | D:5      | Reached XP level 8. HP: 34/70 MP: 8/8
  4452 | D:5      | Noticed a hippogriff
  4468 | D:5      | Killed a hippogriff
  4468 | D:5      | Reached skill level 8 in Axes
  4938 | D:5      | Noticed Sigmund
  4960 | D:5      | Killed Sigmund
  5178 | D:5      | Found Otadidgh's Food Shop.
  5241 | D:5      | Found a runed door.
  5245 | D:5      | Noticed Crazy Yiuf
  5254 | D:5      | Killed Crazy Yiuf
  5484 | D:6      | Reached skill level 5 in Armour
  5484 | D:6      | Reached **** piety under Trog
  5899 | D:6      | Noticed nikopol's ghost (novice HOBe)
  5911 | D:6      | Reached XP level 9. HP: 77/78 MP: 9/9
  5925 | D:6      | Slain by nikopol's ghost

Skill      XL: |  1  2  3  4  5  6  7  8 |
---------------+-------------------------+-----
Fighting       | 4 5 6 |  6.5
Dodging        | 2 3 |  3.6
Armour         | 3 4 5 |  5.1
Axes           | 5 6 7 8 |  8.8
Bows           | 1 2 3 4 |  4.8

Action                   |  1- 3 |  4- 6 |  7- 9 || total
-------------------------+-------+-------+-------++-------
Melee: Hand axe          |    81 |   296 |   156 ||   533
 Fire: Longbow           |       |    60 |       ||    60
       Shortbow          |       |       |     3 ||     3
Invok: Berserk           |     1 |     2 |     6 ||     9
  Use: Scroll            |       |     6 |       ||     6
  Eat: Chunk             |       |    13 |     9 ||    22
       Beef jerky        |       |       |     1 ||     1
Armor: Leather armour    |    31 |       |       ||    31
       Scale mail        |       |   169 |    70 ||   239
Dodge: Dodged            |    49 |   157 |    86 ||   292
